 Dungeon Crawl Stone Soup version 0.31-a0-640-g39d97e502b (webtiles) character file.

Game seed: 11859265198917297514

95 rvierbuc the Slasher (level 4, -3/34 HPs)
             Began as a Demonspawn Reaver on Aug 27, 2023.
             Slain by a gnoll
             ... wielding a +0 whip
              (9 damage)
             ... on level 3 of the Dungeon.
             The game lasted 00:04:12 (1719 turns).

rvierbuc the Slasher (Demonspawn Reaver)            Turns: 1719, Time: 00:04:12

Health: -3/34      AC:  3    Str: 12    XL:     4   Next: 40%
Magic:  7/7        EV: 12    Int: 15    God:
Gold:   116        SH:  0    Dex: 13    Spells: 3/7 levels left

rFire   . . .        a - +0 falchion
rCold   . . .        (no shield)
rNeg    . . .        b - +0 leather armour
rPois   .            (no helmet)
rElec   .            (no cloak)
rCorr   .            (no gloves)
SInv    .            (no boots)
Will    .....        (no amulet)
Stlth   +            (no ring)
HPRegen 0.25/turn    (no ring)
MPRegen 0.10/turn

%: no passive effects
@: no status effects
A: hooves 2, spiny 1
a: no special abilities


You were on level 3 of the Dungeon.
You visited 1 branch of the dungeon, and saw 3 of its levels.

You collected 116 gold pieces.

Inventory:

Hand Weapons
 a - a +0 falchion (weapon)
 e - a +2 dagger of speed
Armour
 b - a +0 leather armour (worn)
 j - a +0 pair of gloves
Jewellery
 k - a ring of flight
Talismans
 h - a flux talisman
Scrolls
 f - a scroll of teleportation {unknown}
 l - a scroll of fog {unknown}
Potions
 c - a potion of enlightenment {unknown}
 d - 2 potions of attraction {unknown}
 g - a potion of might {unknown}
 i - a potion of haste {unknown}


   Skills:
 + Level 2.3 Fighting
 + Level 3.8 Long Blades
 + Level 1.1 Armour
 + Level 2.2 Dodging
 + Level 0.1 Stealth
 + Level 2.0 Spellcasting
 + Level 3.3 Conjurations


You had 3 spell levels left.
You knew the following spells:

 Your Spells              Type           Power      Damage    Failure   Level
a - Kiss of Death         Conj/Necr      24%        2d7       14%         1
b - Hailstorm             Conj/Ice       6%         3d4       38%         3

Your spell library contained the following spells:

 Spells                   Type           Power      Damage    Failure   Level
 Momentum Strike          Conj/Tloc      12%        3d8       22%         2


Dungeon Overview and Level Annotations

Branches:
Dungeon (3/15)

Altars:


Innate Abilities, Weirdness & Mutations

You have hoof-like feet.
You are partially covered in sharp spines.


Message History

Casting: Kiss of Death (safe; 14% risk of failure)
Confirm with . or Enter, or press ? or * to list all spells.
Okay, then.
Okay, then.
You climb upwards.
There is a stone staircase leading down here.
You start resting.
HP restored.
This spell is quite dangerous to cast!
You start memorising the spell.
You continue memorising. x3
You finish memorising.
Spell assigned to 'b'.
You climb downwards.
The gnoll completely misses you.
The gnoll hits you from afar with a +0 halberd!
The adder is struck by your spines. The adder closely misses you.
There is a stone staircase leading up, spattered with blood here.
You barely miss the adder. You kick the adder.
The adder is moderately wounded.
The gnoll hits you from afar with a +0 halberd!
The adder closely misses you.
You miss the adder. You kick the adder.
The adder is almost dead.
The adder closely misses you.
The gnoll hits you from afar with a +0 halberd!
* * * LOW HITPOINT WARNING * * *
The adder barely misses you. The gnoll barely misses you.
The adder is struck by your spines. The adder barely misses you.
You climb upwards.
There is a stone staircase leading down here.
You hit the adder.
You kill the adder!
You start resting.
HP restored.
You climb downwards.
The gnoll hits you with a +0 halberd! The gnoll is struck by your spines.
The gnoll hits you with a +0 halberd. The gnoll is struck by your spines.
The gnoll hits you with a +0 whip!
* * * LOW HITPOINT WARNING * * *
There is a stone staircase leading up, spattered with blood here.
The gnoll hits you but does no damage. The gnoll is struck by your spines.
The gnoll hits you with a +0 whip!
You die...

#..#####..####.#.#
.#.........##..# #
...###....Sg..# ...
#.###.#..###
#..###.###.##g).#
........##.##†#.###
........##....# ..#
.............####.###
........#....ggg@g..#
...........######.#.#
#....................
#.......#############
#.......# #....^..#
#.......# #########


You could see 4 gnolls.

Vanquished Creatures
  Robin (D:2)
  3 adders (D:2)
  2 dart slugs
  6 bats
  3 endoplasms
  A giant cockroach (D:3)
  8 goblins (D:2)
  4 hobgoblins
  3 quokkas
  7 ball pythons
  A frilled lizard (D:2)
  5 kobolds
  7 rats
51 creatures vanquished.

Notes
Turn   | Place    | Note
-------+----------+-------------------------------------------
     0 | D:1      | rvierbuc the Demonspawn Reaver began the quest for the Orb.
     0 | D:1      | Reached XP level 1. HP: 16/16 MP: 3/3
    54 | D:1      | Found a faded altar of an unknown god.
   165 | D:1      | Gained mutation: You have large cloven feet. [demonic
                  | ancestry]
   165 | D:1      | Reached XP level 2. HP: 22/22 MP: 5/5
   719 | D:2      | Gained mutation: You are partially covered in sharp spines.
                  | [demonic ancestry]
   719 | D:2      | Reached XP level 3. HP: 27/27 MP: 6/6
   948 | D:2      | Noticed Robin
   961 | D:2      | Killed Robin
   962 | D:2      | Gained mutation: You have hoof-like feet. [demonic
                  | ancestry]
   962 | D:2      | Reached XP level 4. HP: 7/30 MP: 5/7
   978 | D:2      | Reached skill level 1 in Armour
  1615 | D:2      | Learned a level 3 spell: Hailstorm
  1719 | D:3      | Slain by a gnoll

Illustrated notes

Levels and vault maps discovered:
D:1:      scummos_arrival_checkerplants, layout_loops_ring,
          ebering_ecumenical_altar_box
D:2:      layout_basic, uniq_robin
D:3:      layout_rooms, serial_curves, eino_curves_02, eino_curves_03,
          uniq_ijyb, uniq_grinder

Skill      XL: |  1  2  3  4 |
---------------+-------------+-----
Dodging        | 2 |  2.2
Long Blades    | 3 |  3.8
Armour         | 1 |  1.1
Fighting       | |  2.3
Stealth        | |  0.1
Spellcasting   | |  2.0
Conjurations   | |  3.3

Action                     |  1- 3 |  4- 6 || total
---------------------------+-------+-------++-------
  Melee: Falchion          |    82 |    21 ||   103
         Kick              |     9 |     5 ||    14
   Cast: Kiss of Death     |     1 |       ||     1
   Stab: Sleeping          |     2 |       ||     2
 Armour: Leather armour    |    24 |     9 ||    33
  Dodge: Dodged            |    50 |    26 ||    76

Table legend: (Time is in decaauts)
 A = Elapsed time spent in this place.
 B = Non-inter-level travel time spent in this place.
 C = Inter-level travel time spent in this place.
 D = Time resting spent in this place.
 E = Time spent auto-exploring this place.
 F = Levels seen in this place.
 G = Mean time per level.
                   A        B        C        D        E       F      G
               +--------+--------+--------+--------+--------+-----+--------+
         Total |   1734 |   1682 |     52 |    294 |   1071 |   3 |  578.0 |
       Dungeon |   1734 |   1682 |     52 |    294 |   1071 |   3 |  578.0 |
               +--------+--------+--------+--------+--------+-----+--------+

Top non-repeatable levels by time:
     D:2: 961 daAuts
     D:1: 716 daAuts
     D:3: 57 daAuts
